 Dungeon Crawl Stone Soup version 0.24.0-3-g28a8eb0610 (webtiles) character file.

Game seed: 11369032960018692266, levelgen mode: deterministic

392 Granthy the Chopper (level 6, 0/57 HPs)
             Began as a Minotaur Abyssal Knight on Nov 1, 2019.
             Was a Priest of Lugonu.
             Succumbed to a worker ant's poison
             ... on level 5 of the Dungeon.
             The game lasted 00:11:02 (4674 turns).

Granthy the Chopper (Minotaur Abyssal Knight)       Turns: 4674, Time: 00:11:03

Health: 0/57       AC:  5    Str: 22 (24) XL:     6   Next: 51%
Magic:  6/6        EV: 11    Int: 12 (14) God:    Lugonu [***...]
Gold:   124        SH:  0    Dex:  6 (9)  Spells: 5/5 levels left

rFire    . . .     SeeInvis .   a - +1 hand axe
rCold    + . .     Gourm    .   (no shield)
rNeg     . . .     Faith    .   b - +0 leather armour
rPois    .         Spirit   .   (helmet restricted)
rElec    .         Reflect  .   (no cloak)
rCorr    +         Harm     .   (no gloves)
MR       .....                  t - +1 pair of boots of Fyeleg {+Fly rCorr}
Stlth    +.........             (no amulet)
HPRegen  0.19/turn              (no ring)
MPRegen  0.10/turn              (no ring)

@: mighty, brilliant, lethally poisoned (0 -> -5), very slightly contaminated,
invisible
A: retaliatory headbutt, horns 2, thin skeletal structure 1, clumsy 1, cold
resistance 1
a: Depart the Abyss, Bend Space, Banish, Renounce Religion, Evoke Flight


You were on level 5 of the Dungeon.
You worshipped Lugonu.
Lugonu was most pleased with you.
You were not hungry.

You visited 1 branch of the dungeon, and saw 5 of its levels.
You visited the Abyss 1 time.

You collected 124 gold pieces.

Inventory:

Hand Weapons
 a - a +1 hand axe (weapon)
Missiles
 p - 2 poisoned darts (quivered)
Armour
 b - a +0 leather armour (worn)
 s - a +0 ring mail
 t - the +1 pair of boots of Fyeleg (worn) {+Fly rCorr}
   (You found it on level 4 of the Dungeon)

   It lets you fly.
   It provides partial protection from all sources of acid and corrosion.
Jewellery
 e - an uncursed ring of ice
 i - a +5 ring of strength {unknown}
Scrolls
 f - 2 scrolls of remove curse {unknown}
 g - 2 scrolls of enchant weapon {unknown}
 k - a scroll of magic mapping {unknown}
 l - 4 scrolls of teleportation {unknown}
 m - 5 scrolls of identify
 n - a scroll of fear {unknown}
Comestibles
 c - a ration


   Skills:
 + Level 5.9 Fighting
 * Level 7.0 Axes
 - Level 2.4 Armour
 - Level 1.1 Dodging
 - Level 1.7 Invocations


You had 5 spell levels left.
You didn't know any spells.
Your spell library was empty.

Dungeon Overview and Level Annotations

Branches:
Dungeon (5/15)             Temple (0/1) D:5

Altars:
Elyvilon
Fedhas
Hepliaklqana
Qazlal
Uskayaw
Zin
The Shining One

Annotations:
D:4 Dowan, Duvessa, Grinder


Innate Abilities, Weirdness & Mutations

You reflexively headbutt those who attack you in melee.
You have a pair of horns on your head.
You have a somewhat thin skeletal structure. (Dex +2, Stealth)
You are clumsy. (Dex -2)
Your flesh is cold resistant. (rC+)


Message History

You feel extremely strange.
You feel clumsy.
Your urge to shout disappears.
Your thin metallic scales disappear.
Your teeth lengthen and sharpen.
Your thoughts seem clearer.
* * * LOW HITPOINT WARNING * * *
You feel sick.
You feel extremely strange.
Your thinking seems confused.
Your teeth shrink to normal size.
You feel clumsy.
You feel resistant to cold.
Your bones become slightly less dense.
* * * LOW HITPOINT WARNING * * *
You feel sick.
As you read the scroll labeled DOUVARALER, it crumbles to dust.
It is a scroll of identify.
e - an uncursed ring of ice
* * * LOW HITPOINT WARNING * * *
You feel sick.
* * * LOW HITPOINT WARNING * * *
You feel sick.
You die...

#######
#.....#
#.....#
#.....#####
#.........#
#...@.....#
#.........#
+.<.......#
#.........#
##........#
.........#
.##...##..#
#.##...##..#
. .......


There were no monsters in sight!

Vanquished Creatures
  A howler monkey (D:4)
  A crimson imp (D:2)
  An orc priest (D:4)
  2 orc wizards (D:4)
  3 worker ants
  Robin (D:4)
  6 adders
  5 worms
  2 dart slugs
  3 leopard geckos
  6 orcs
  5 bats
  3 giant cockroaches
  7 hobgoblins
  2 jackals (D:1)
  4 quokkas
  2 ball pythons (D:2)
  6 frilled lizards
  14 goblins
  9 kobolds
  4 rats
87 creatures vanquished.

Notes
Turn   | Place    | Note
-------+----------+-------------------------------------------
     0 | Abyss:1  | Granthy the Minotaur Abyssal Knight began the quest for the
                  | Orb.
     0 | Abyss:1  | Reached XP level 1. HP: 19/19 MP: 1/1
    11 | D:1      | Escaped the Abyss
   295 | D:1      | Reached XP level 2. HP: 27/27 MP: 2/2
   701 | D:2      | Reached ** piety under Lugonu
   708 | D:2      | Reached skill level 3 in Axes
   708 | D:2      | Reached XP level 3. HP: 17/34 MP: 3/3
   967 | D:2      | Reached skill level 5 in Fighting
   997 | D:2      | Reached XP level 4. HP: 31/42 MP: 4/4
  1132 | D:2      | Found a blossoming altar of Fedhas.
  1150 | D:2      | Reached skill level 4 in Axes
  1736 | D:2      | Found a glowing golden altar of the Shining One.
  1736 | D:2      | Found a white marble altar of Elyvilon.
  1737 | D:2      | Found a glowing silver altar of Zin.
  2031 | D:3      | Found a stormy altar of Qazlal.
  2045 | D:3      | Reached XP level 5. HP: 47/48 MP: 5/5
  2055 | D:3      | Found a hide-covered altar of Uskayaw.
  2313 | D:3      | Reached skill level 5 in Axes
  2913 | D:4      | Noticed Grinder
  2914 | D:4      | Paralysed by Grinder for 3 turns
  3068 | D:4      | Noticed Robin
  3082 | D:4      | Reached *** piety under Lugonu
  3089 | D:4      | Killed Robin
  3277 | D:4      | Got a pair of smoking boots
  3293 | D:4      | Identified the +1 pair of boots of Fyeleg {+Fly rCorr} (You
                  | found it on level 4 of the Dungeon)
  3332 | D:4      | Reached skill level 6 in Axes
  3615 | D:4      | Reached XP level 6. HP: 34/57 MP: 6/6
  3857 | D:4      | Found a hazy altar of Hepliaklqana.
  4075 | D:4      | Noticed Duvessa
  4283 | D:4      | Noticed Dowan
  4638 | D:5      | Entered Level 5 of the Dungeon
  4638 | D:5      | Found a staircase to the Ecumenical Temple.
  4663 | D:5      | Reached skill level 7 in Axes
  4664 | D:5      | Gained mutation: You occasionally shout uncontrollably at
                  | your foes. [potion of mutation]
  4664 | D:5      | Gained mutation: You are partially covered in thin metallic
                  | scales. (AC +2) [potion of mutation]
  4664 | D:5      | Gained mutation: You are agile. (Dex +2) [potion of
                  | mutation]
  4669 | D:5      | Lost mutation: You are agile. (Dex +2) [potion of mutation]
  4669 | D:5      | Lost mutation: You occasionally shout uncontrollably at
                  | your foes. [potion of mutation]
  4669 | D:5      | Lost mutation: You are partially covered in thin metallic
                  | scales. (AC +2) [potion of mutation]
  4669 | D:5      | Gained mutation: You have very sharp teeth. [potion of
                  | mutation]
  4669 | D:5      | Gained mutation: You possess an exceptional clarity of
                  | mind. [potion of mutation]
  4670 | D:5      | Lost mutation: You possess an exceptional clarity of mind.
                  | [potion of mutation]
  4670 | D:5      | Lost mutation: You have very sharp teeth. [potion of
                  | mutation]
  4670 | D:5      | Gained mutation: You are clumsy. (Dex -2) [potion of
                  | mutation]
  4670 | D:5      | Gained mutation: Your flesh is cold resistant. (rC+)
                  | [potion of mutation]
  4670 | D:5      | Gained mutation: You have a somewhat thin skeletal
                  | structure. (Dex +2, Stealth) [potion of mutation]
  4670 | D:5      | HP: 2/57 [poisoned by a worker ant]
  4674 | D:5      | Succumbed to a worker ant's poison

Levels and vault maps discovered:
D:1:      lemuel_arrival_lava_pool, layout_basic
D:2:      layout_loops_cross, good_gods_temple_1, fedhas_altar_1
D:3:      layout_basic, minitemple, chequers_serial_rivers_micro_d
D:4:      layout_cave_pools, lemuel_doored_altar, serial_shops, shop,
          serial_park, serial_park_tiny_2, serial_park_square1
          [serial_park_minivault_5x5_4], uniq_duvessa, uniq_grinder, uniq_robin
D:5:      layout_basic, minmay_temple_entry_stoned_glass, first_ration,
          serial_shops, shop

Skill      XL: |  1  2  3  4  5  6 |
---------------+-------------------+-----
Fighting       | 4 5 |  5.9
Axes           | 3 4 6 7 |  7.0
Armour         | |  2.4
Dodging        | |  1.1
Invocations    | |  1.7

Action                   |  1- 3 |  4- 6 || total
-------------------------+-------+-------++-------
Melee: Hand axe          |    47 |   223 ||   270
       Headbutt          |     7 |    30 ||    37
  Use: Potion            |       |     7 ||     7
       Scroll            |       |     1 ||     1
  Eat: Chunk             |       |     9 ||     9
       Ration            |       |     1 ||     1
Armor: Leather armour    |    17 |    19 ||    36
       Ring mail         |       |    45 ||    45
Dodge: Dodged            |    36 |   108 ||   144
